Map: Echo LE (Void)

Players

ChefSanji

  • Race: Terran Terran

Bop - Winner!

  • Race: Protoss Protoss

VOD

Have the link to the VOD?

Description

Time

  • Played on: May 4, 2015, 3:59 a.m.
  • Length: 10:26
Show
View Real Time Build Order
Export as new Build Order

ChefSanji Terran 

Build Orders: Command Center First (CC), MMM Bio 

Get SALT Encoding   

  12  0:01  SCV  
  13  0:13  SCV  
  14  0:22  Supply Depot  
  14  0:26  SCV  
  15  0:52  Command Center  
  15  0:59  SCV  
  16  1:07  Barracks  
  16  1:15  SCV  
  17  1:25  Barracks  
  17  1:27  SCV  
  18  1:39  SCV  
  19  1:54  Marine  
  19  1:55  Orbital Command  
  20  2:04  Orbital Command  
  20  2:06  Bunker  
  20  2:13  Marine x2  
  22  2:23  SCV, Refinery  
  22  2:25  Refinery  
  23  2:31  Marine x2  
  23  2:35  SCV x2  
  26  2:47  SCV  
  26  2:48  SCV  
  28  2:52  Marine x2  
  28  2:57  Barracks  
  30  3:00  SCV  
  30  3:01  SCV  
  32  3:14  Barracks Tech Lab  
  32  3:17  Marine  
  32  3:18  SCV x2  
  35  3:21  Supply Depot  
  35  3:30  SCV x2  
  32  3:49  Marine  
  32  3:50  Concussive Shells, Marauder  
  32  3:51  Marine  
  32  3:52  SCV x2  
  36  4:01  Factory  
  35  4:03  Engineering Bay  
  35  4:04  SCV x2  
  35  4:12  Marine x3  
  37  4:23  SCV x2  
  37  4:29  Marine  
  37  4:30  Marauder, Marine  
  37  4:35  SCV x2  
  37  4:38  Terran Infantry Weapons Level 1  
  36  4:40  Stimpack  
  34  4:47  SCV x2  
  34  4:51  Bunker  
  34  4:56  Marauder, Marine x2  
  37  5:00  SCV x2  
  38  5:09  Starport  
  33  5:14  Marine  
  27  5:29  Marauder, Marine  
  27  5:30  SCV x2  
  27  5:32  Marine  
  27  5:41  Widow Mine  
  26  5:46  SCV x2  
  28  5:50  Medivac  
  30  5:58  Marine  
  30  5:59  Marine  
  30  6:00  SCV  
  30  6:01  SCV  
  34  6:10  Orbital Command  
  34  6:12  SCV  
  33  6:24  Widow Mine  
  33  6:25  Medivac  
  35  6:27  Marauder, Marine x2  
  35  6:31  SCV  
  40  6:41  Supply Depot  
  40  6:46  Orbital Command  
  40  6:48  Combat Shields  
  40  6:57  SCV  
  40  6:58  Marine x2  
  40  6:59  Marauder  
  41  7:27  Marine  
  41  7:28  Marauder, Marine  
  41  7:29  Widow Mine, Medivac  
  47  7:37  SCV  
  47  7:38  SCV  
  48  7:49  SCV, Marauder  
  51  7:57  SCV  
  52  8:01  SCV  
  52  8:03  Supply Depot  
  53  8:12  SCV  
  54  8:24  SCV  
  54  8:25  Supply Depot  
  54  8:26  Terran Infantry Armor Level 1, Supply Depot, Starport Reactor  
  55  8:28  Barracks Reactor  
  53  8:35  Marine, Marauder  
  47  9:09  SCV x2  
  47  9:10  Marauder, Marine x2  
  47  9:11  Barracks Reactor, Medivac x2  
  47  9:12  Factory Reactor  
  52  9:27  SCV x2  
  52  9:28  Marine x2  
  56  9:32  Marauder  
  45  9:56  SCV x2  
  45  9:59  Marine  
  43  10:00  Marine x3  
  43  10:01  Marauder  
Show
View Real Time Build Order
Export as new Build Order

Bop Protoss - Winner!

Build Orders: Mass Adepts 

Get SALT Encoding   

  12  0:00  Probe  
  13  0:15  Pylon  
  13  0:16  Probe  
  14  0:33  Probe (Chrono Boost)  
  15  0:38  Gateway  
  16  0:43  Probe (Chrono Boost)  
  16  0:48  Assimilator  
  16  0:50  Probe  
  17  0:59  Pylon  
  17  1:02  Probe (Chrono Boost)  
  18  1:13  Probe (Chrono Boost)  
  19  1:19  Probe (Chrono Boost)  
  19  1:25  Cybernetics Core  
  20  1:32  Gateway  
  20  1:40  Zealot (Chrono Boost)  
  22  2:02  Warp Gate (Chrono Boost)  
  24  2:10  Adept (Chrono Boost)  
  24  2:11  Nexus  
  24  2:19  Adept (Chrono Boost)  
  26  2:24  Probe  
  26  2:29  Pylon  
  29  2:31  Adept (Chrono Boost)  
  29  2:43  Probe  
  32  2:54  Adept x2 (Chrono Boost)  
  32  2:55  Probe  
  35  3:08  Probe  
  36  3:20  Probe  
  36  3:22  Gateway  
  36  3:24  Gateway  
  37  3:29  Twilight Council  
  37  3:38  Pylon  
  33  3:49  Probe x2  
  35  4:01  Probe x2  
  35  4:10  Adept x2  
  39  4:18  Gateway  
  39  4:20  Gateway  
  37  4:35  Adept x4  
  37  4:37  Probe x2 (Chrono Boost)  
  43  4:46  Assimilator  
  43  4:47  Assimilator  
  43  4:49  Probe x2 (Chrono Boost)  
  45  4:56  Zealot  
  45  4:57  Probe x2 (Chrono Boost)  
  49  5:02  Pylon  
  49  5:06  Probe x2  
  51  5:12  Charge (Chrono Boost)  
  51  5:18  Probe x2  
  51  5:30  Probe x2  
  53  5:42  Probe x2  
  51  5:51  Sentry x3  
  51  5:54  Probe (Chrono Boost)  
  51  5:55  Probe (Chrono Boost)  
  59  5:58  Nexus  
  59  5:59  Adept x3  
  63  6:07  Probe x2 (Chrono Boost)  
  65  6:15  Probe (Chrono Boost)  
  66  6:20  Probe (Chrono Boost)  
  66  6:24  Probe (Chrono Boost)  
  68  6:33  Pylon  
  68  6:37  Pylon  
  68  6:38  Pylon  
  68  6:48  Pylon  
  68  6:51  Probe x2, Pylon  
  70  6:55  Forge x2  
  70  6:57  Robotics Facility  
  70  7:03  Probe x2  
  72  7:11  Zealot x5  
  72  7:15  Probe x2  
  76  7:16  Shield Upgrade  
  76  7:18  Zealot  
  76  7:34  Adept x5  
  86  7:41  Probe x2  
  86  7:42  Probe  
  83  7:46  Assimilator  
  83  7:47  Assimilator  
  83  7:48  Protoss Ground Weapons Level 1 (Chrono Boost), Protoss Ground Armor Level 1 (Chrono Boost)  
  83  7:51  Robotics Bay  
  83  7:52  Observer (Chrono Boost)  
  83  7:53  Probe (Chrono Boost)  
  83  7:54  Probe (Chrono Boost)  
  83  7:58  Zealot x4  
  88  8:05  Probe (Chrono Boost), Assimilator  
  92  8:06  Probe (Chrono Boost), Warp Prism (Chrono Boost)  
  94  8:14  Probe (Chrono Boost)  
  95  8:21  Robotics Facility  
  95  8:22  Probe, Pylon  
  96  8:31  Zealot x3  
  96  8:32  Zealot x3  
  98  8:57  Adept x4  
  98  8:58  Adept x2  
  108  9:07  Dark Shrine  
  96  9:13  Disruptor (Chrono Boost)  
  100  9:23  Disruptor (Chrono Boost)  
  94  9:26  Zealot  
  94  9:27  Zealot x5  
  106  9:45  Disruptor (Chrono Boost)  
  110  9:50  Gateway  
  110  9:51  Gateway  
  108  9:53  Gateway  
  108  9:54  Zealot x4  
  108  9:55  Pylon, Nexus, Zealot x2  
  108  9:57  Pylon  
  114  10:20  Dark Templar x2  
  118  10:22  Zealot x4  
Tags
 
Add a new tag
Caveats
  • Supply blocks, unpowered buildings, or Contaminate may cause inaccurate times.
  • Supply counts are checked every 10 seconds.